AoeStats
← 猫咪先生

Arena

510463716Analyzed
2v2 RM · 8h ago on Oct 1, 2026· 49m 55s· 4 players
Game mode
Random Map
Map size
Medium (4 player)
Population
200
Speed
Normal
Resources
Standard
Victory
Conquest
Starting age
Dark Age
Ending age
Imperial Age
RankedLock teamsTeams togetherTeam positionsShared explorationLock speedFull tech treeHidden civsTurbo modeCheats
Victory
Defeat
🇨🇳 Japanese · China
950
+14
🇨🇳 Khitans · China
925
+16
🇹🇼 Spanish · Taiwan
950
-16
🇦🇷 Huns · Argentina
883
-14
GTX-5090
5:14 Loom
11:02 Feudal Age
12:31 Wheelbarrow
11:43 Double-Bit Axe
11:39 Horse Collar
11:54 Gold Mining
11:55 Town Watch
18:47 Castle Age
20:15 Hand Cart
19:46 Elite Skirmisher
20:57 Fletching
21:11 Padded Archer Armor
24:46 Squires
25:10 Bodkin Arrow
25:50 Stone Mining
26:12 Squires
26:02 Gambesons
25:38 Man-at-Arms
26:24 Pikeman
31:38 Bodkin Arrow
36:15 Masonry
35:45 Treadmill Crane
43:19 Ballistics
45:12 Guard Tower
47:31 Murder Holes
47:47 Fortified Wall
49:57 Herbal Medicine
50:25 Sanctity
50:15 Fervor
猫咪先生
11:00 Feudal Age
15:22 Castle Age
13:18 Double-Bit Axe
13:47 Domestication
17:52 Bow Saw
21:47 Pastoralism
23:20 Wheelbarrow
23:58 Gambesons
25:27 Scale Mail Armor
25:34 Squires
27:19 Gold Mining
27:20 Stone Mining
27:25 Pikeman
27:53 Arson
28:34 Hand Cart
32:35 Imperial Age
31:31 Stone Shaft Mining
31:27 Chain Mail Armor
31:23 Forging
32:52 Forging
33:40 Conscription
35:02 Plate Mail Armor
35:22 Transhumance
34:25 Capped Ram
35:38 Siege Ram
39:17 Elite Liao Dao
40:50 Iron Casting
40:07 Elite Liao Dao
40:14 Elite Fire Lancer
47:31 Scale Barding Armor
47:27 Padded Archer Armor
47:18 Fletching
49:37 Husbandry
48:59 Elite Steppe Lancer
小藍
7:36 Loom
10:57 Feudal Age
15:52 Castle Age
14:26 Loom
14:30 Double-Bit Axe
14:29 Horse Collar
15:26 Double-Bit Axe
20:47 Town Watch
21:45 Town Watch
29:37 Gold Mining
31:42 Bloodlines
37:38 Wheelbarrow
39:09 Scale Mail Armor
40:57 Heavy Plow
41:33 Bow Saw
45:18 Imperial Age
43:40 Scale Barding Armor
44:51 Husbandry
44:13 Light Cavalry
45:27 Cavalier
46:21 Forging
46:31 Chain Barding Armor
46:25 Capped Ram
48:55 Paladin
demasiado corto
0:28 Loom
10:08 Feudal Age
12:38 Wheelbarrow
12:04 Double-Bit Axe
14:57 Horse Collar
19:59 Castle Age
21:04 Hand Cart
21:07 Bow Saw
22:53 Town Watch
27:34 Town Patrol
28:46 Murder Holes
29:24 Forging
30:32 Heavy Plow
31:18 Iron Casting
34:58 Imperial Age
32:51 Ballistics
33:14 Scale Mail Armor
33:19 Scale Barding Armor
33:06 Fletching
33:31 Masonry
33:34 Pikeman
34:15 Squires
35:12 Halberdier
37:08 Blast Furnace
36:30 Chain Barding Armor
37:25 Chemistry
37:10 Chain Mail Armor
Connection lost

Rejoining the realm…

Still unreachable

The connection could not be restored.

Session expired

The server has moved on; the page needs a fresh start.